[Event "Live Chess"]
[Site "Chess.com"]
[Date "2023.05.21"]
[Round "-"]
[White "JoRoSaR"]
[Black "AMCWAML"]
[Result "1/2-1/2"]
[WhiteElo "1695"]
[BlackElo "2283"]
[TimeControl "300"]
[EndTime "6:19:57 PDT"]
[Termination "Game drawn - insufficient material"]

1. e4 c5 2. Nf3 d6 3. c3 Nf6 4. Be2 g6 5. d4 Bg7 6. dxc5 O-O 7. cxd6 Nxe4 8. dxe7 Qxe7 9. O-O Nc6 10. Qc2 Bf5 11. Bd3 Rad8 12. Re1 Rxd3 13. Qxd3 Nxf2 14. Qxf5 Qxe1+ 15. Nxe1 gxf5 16. Kxf2 Re8 17. Be3 Ne5 18. h3 b6 19. Nd2 Bf6 20. Nef3 Nd3+ 21. Ke2 Nxb2 22. Rb1 Na4 23. c4 Nc3+ 24. Kd3 Nxb1 25. Nxb1 Rd8+ 26. Kc2 Kg7 27. Nc3 Rc8 28. Kb3 Re8 29.
Nd5 Bd8 30. Bd4+ f6 31. Nh4 Re2 32. Nxf5+ Kf7 33. g4 a5 34. Nh6+ Kg7 35. Nf5+ Kf7 36. Nxb6 Rh2 37. h4 Rg2 38. Nd5 a4+ 39. Ka3 Ke6 40.
Nde3 Rh2 41. c5 Bc7 42. Nf1 Rh1 43. N1e3 Rh3 44. Kxa4 Rh2 45. a3 h5 46. Ng7+ Kf7 47. Nxh5 Rxh4 48. Kb5 Rh1 49. a4 Rd1 50. Bc3 Rd3 51.
Nxf6 Rxc3 52. Nfd5 Rb3+ 53. Kc4 Ra3 54. Nxc7 Rxe3 55.
Nd5 Ra3 56. Kb4 Ra1 57. a5 Ke6 58. Nb6 Ke7 59. Kb5 Kd8 60. Kc6 Rxa5 61. g5 Ra1 62. Nd5 Ra6+ 63. Nb6 Ra1 64. Kd5 Rg1 65.
Ke6 Rxg5 66. c6 Kc7 67. Nd5+ Kxc6 68. Ne7+ Kb7 69. Kf6 Rg1 70. Kf5 Rf1+ 71. Kg4 Kc7 72. Ng6 Kd6 73. Nh4 Rg1+ 74. Kf3 Ke5 75. Kf2 Rg8 76. Nf3+ Kf4 77. Ke2 Ra8 78. Nd2 Ra2 79. Kd3 Ke5 80. Nc4+ Kd5 81. Kc3 Ra8 82. Nb6+ Kc6 83.
Nxa8 1/2-1/2

[Event "Live Chess"]
[Site "Chess.com"]
[Date "2023.05.21"]
[Round "-"]
[White "hturner40"]
[Black "MaximKris"]
[Result "1-0"]
[WhiteElo "1779"]
[BlackElo "1792"]
[TimeControl "300"]
[EndTime "6:19:58 PDT"]
[Termination "hturner40 won by checkmate"]

1. Nf3 Nc6 2. e4 e5 3. c3 Nf6 4.
d4 exd4 5. e5 Ng8 6. cxd4 d6 7.
Bb5 Bd7 8. exd6 Bxd6 9. O-O a6 10. Re1+ Nge7 11. Bd3 O-O 12. Ng5 g6 13. Ne4 f5 14.
Bc4+ Kh8 15. Nxd6 cxd6 16. Bg5 b5 17. Bd5 Rc8 18. Bxc6 Rxc6 19. Bxe7 Re8 20. Bxd8 Rxe1+ 21. Qxe1 Rc8 22. Bf6+ Kg8 23. Nc3 Rf8 24. Nd5 Rxf6 25.
Nxf6+ Kg7 26. Nxd7 Kh6 27. h4 Kh5 28. g3 g5 29.
Qe2+ g4 30. Qe3 f4 31. Qxf4 Kg6 32. Qf6+ Kh5 33. Qg5# 1-0

[Event "Live Chess"]
[Site "Chess.com"]
[Date "2023.05.21"]
[Round "-"]
[White "siddu198"]
[Black "HadesLearmonth"]
[Result "0-1"]
[WhiteElo "1622"]
[BlackElo "1204"]
[TimeControl "300"]
[EndTime "6:20:03 PDT"]
[Termination "HadesLearmonth won by resignation"]

1. b4 e5 2. Bb2 Nc6 3. e4 Bxb4 4.
Nf3 Qf6 5. Bb5 d6 6. Bxc6+ bxc6 7. c3 Ba5 8. Na3 Ne7 9. Nc4 Bb6 10. d4 exd4 11. cxd4 d5 12. exd5 cxd5 13. Nce5 O-O 14.
h3 Ba6 15. Nd7 Qe6+ 16. Nfe5 Rfe8 17. Qf3 f6 18. Nxf6+ gxf6 19. Qg3+ Kh8 20. Kd2 fxe5 21. Rhe1 Ba5+ 22. Kc2 Bxe1 23. Rxe1 Qc6+ 24. Kb1 Rg8 25.
Qxe5+ Rg7 26. Re3 Ng6 27. Qg3 Rb8 28. Ka1 Qb5 29. Rb3 Qf1+ 0-1

[Event "Live Chess"]
[Site "Chess.com"]
[Date "2023.05.21"]
[Round "-"]
[White "nigelst"]
[Black "mattihelenius2"]
[Result "1-0"]
[WhiteElo "1696"]
[BlackElo "491"]
[TimeControl "300"]
[EndTime "6:20:12 PDT"]
[Termination "nigelst won by resignation"]

1. e4 b6 2. d4 Bb7 3. Nc3 Nf6 4. Bd3 Nc6 5. Nf3 e5 6. d5 Nd4 7. Nxd4 exd4 8. Ne2 Bc5 9. O-O Qe7 10. Bg5 O-O-O 11. a4 Qe5 12. Bf4 Qe7 13. a5 Ng4 14. Ng3 Qh4 15. Nf5 Qxh2+ 16. Bxh2 1-0

[Event "Live Chess"]
[Site "Chess.com"]
[Date "2023.05.21"]
[Round "-"]
[White "Vitalii18a"]
[Black "ProfPoisson"]
[Result "0-1"]
[WhiteElo "1128"]
[BlackElo "1215"]
[TimeControl "300"]
[EndTime "6:20:25 PDT"]
[Termination "ProfPoisson won - game abandoned"]

1. e4 e5 2. Nf3 Nf6 3. Bd3 c6 4. c3 d5 5. exd5 cxd5 6. Nxe5 Bd6 7. f4 Qb6 8. Bc2 Bxe5 9. fxe5 Bg4 10. exf6 Bxd1 11. fxg7 Rg8 0-1

[Event "Live Chess"]
[Site "Chess.com"]
[Date "2023.05.21"]
[Round "-"]
[White "lateforthesky"]
[Black "Olisingapore"]
[Result "0-1"]
[WhiteElo "2110"]
[BlackElo "1784"]
[TimeControl "300"]
[EndTime "6:20:27 PDT"]
[Termination "Olisingapore won by resignation"]

1. e4 c5 2. Nf3 d6 3. Nc3 Nf6 4. e5 dxe5 5. Nxe5 a6 6. a4 Qc7 7. Qe2 e6 8. d3 Nc6 9. Nxc6 Qxc6 10.
Bf4 Bd6 11. Bxd6 Qxd6 12. Ne4 Nxe4 13. Qxe4 O-O 14. g3 Bd7 15. f3 Bc6 16. Qe3 b5 17.
Bg2 bxa4 18. O-O Rfb8 19. Ra2 Bd5 20. c4 Bc6 21. f4 Rb3 22. Rd1 Bxg2 23. Kxg2 Rab8 24.
Rd2 Qc6+ 25. Qf3 Qxf3+ 26. Kxf3 R8b4 27. Ke4 f6 28. Rc2 Kf7 29. d4 f5+ 30. Ke5 Re3+ 31.
Kd6 cxd4 32. c5 d3 33. Rd2 Rd4+ 34. Kc7 Re2 35. Rd1 d2 36. c6 Re1 37. Raa1 Re2 38. Kb6 Ke7 39. Kxa6 Kd6 40. Kb5 Rxh2 41. Rxa4 Rxa4 42. Kxa4 Kxc6 43. Kb3 Kc5 44. Kc3 h6 45. Kd3 g5 46. fxg5 hxg5 47. Ke3 Kc4 0-1

[Event "Live Chess"]
[Site "Chess.com"]
[Date "2023.05.21"]
[Round "-"]
[White "raminguy"]
[Black "Tushinskiy"]
[Result "0-1"]
[WhiteElo "1942"]
[BlackElo "2219"]
[TimeControl "300"]
[EndTime "6:20:35 PDT"]
[Termination "Tushinskiy won by checkmate"]

1. d4 d5 2. Nc3 c6 3. e4 dxe4 4. Nxe4 Nf6 5. Nxf6+ gxf6 6. Nf3 Bf5 7. Bd3 Bg6 8. Bf4 Nd7 9. O-O Qb6 10. Re1 e6 11. a4 a5 12. b3 Bb4 13. Bd2 Bxd3 14. Bxb4 Bxc2 15. Qxc2 Qxb4 16. Rad1 Nb6 17. Qe4 O-O-O 18. Rc1 Nd5 19. Rc5 Rdg8 20. Rec1 h5 21. R5c4 Qxb3 22. Nd2 Qb2 23. Qd3 Rxg2+ 24. Kf1 Rhg8 25. Rxc6+ bxc6 26. Rxc6+ Kd7 27. Qa6 Rg1+ 28. Ke2 Rb8 29. Rd6+ Ke7 30.
Qc6 Qb7 31. Qc5 Ke8 32. Ne4 Qb2+ 33. Kf3 Qb3+ 34. Ke2 Qd1# 0-1

[Event "Live Chess"]
[Site "Chess.com"]
[Date "2023.05.21"]
[Round "-"]
[White "mliszewski"]
[Black "LiamClery2020"]
[Result "1/2-1/2"]
[WhiteElo "1802"]
[BlackElo "1962"]
[TimeControl "300"]
[EndTime "6:20:37 PDT"]
[Termination "Game drawn by agreement"]

1. d4 Nf6 2. Bg5 Ne4 3. h4 h6 4. Bf4 d5 5. Nd2 Nxd2 6. Qxd2 Bf5 7. e3 Nc6 8. f3 e6 9. g4 Bg6 10. Bd3 Bxd3 11. Qxd3 Bd6 12. a3 Bxf4 13. exf4 Qd6 14.
Ne2 O-O-O 15. O-O-O Ne7 16. Rhe1 Ng6 17. f5 Nxh4 18.
fxe6 fxe6 19. Rh1 Ng2 20. Qd2 Rhf8 21. Rdg1 Nf4 22. Ng3 Qa6 23. Re1 Rd6 24. Nh5 Nxh5 25. Rxh5 Qc4 26. b3 Qa6 27. a4 Rxf3 28. g5 b6 29. gxh6 gxh6 30. Rxh6 Rf1 31. Kb2 Rf7 32. Rg1 Kb7 33. Rgg6 Re7 34. Rg8 e5 35. Rhh8 Qa5 36.
Qg5 exd4 37. Qxe7 Qc3+ 38. Kb1 d3 39. Rh2 dxc2+ 40. Rxc2 Qxb3+ 41. Rb2 Qd1+ 42. Ka2 Qxa4+ 43. Kb1 Qd1+ 1/2-1/2

[Event "Live Chess"]
[Site "Chess.com"]
[Date "2023.05.21"]
[Round "-"]
[White "McSlash1"]
[Black "Leonid_Starozhilov"]
[Result "0-1"]
[WhiteElo "2005"]
[BlackElo "2636"]
[TimeControl "300"]
[EndTime "6:20:42 PDT"]
[Termination "Leonid_Starozhilov won by resignation"]

1. e4 c5 2. Nc3 e6 3. f4 d5 4. exd5 exd5 5. Bb5+ Nc6 6. Nf3 Nf6 7. d3 Bd6 8. O-O O-O 9. Qe1 Bg4 10. Ng5 Nd4 11. h3 Nxc2 12. Qh4 Bf5 13. Nxd5 h6 14.
Nxf6+ Qxf6 15. g4 hxg5 16. fxg5 Qd4+ 0-1

[Event "Live Chess"]
[Site "Chess.com"]
[Date "2023.05.21"]
[Round "-"]
[White "MartinWalker4"]
[Black "Conradical12"]
[Result "1-0"]
[WhiteElo "2050"]
[BlackElo "1586"]
[TimeControl "300"]
[EndTime "6:20:51 PDT"]
[Termination "MartinWalker4 won by resignation"]

1. e4 e5 2. Nf3 Nc6 3. Bb5 Nf6 4.
d3 Bc5 5. O-O O-O 6. Bxc6 dxc6 7. Nxe5 Bd6 8. Nf3 Bg4 9. h3 Bxf3 10. Qxf3 Qe7 11. c3 Rad8 12. Nd2 Qe5 13. g3 Be7 14. d4 Qe6 15. Kg2 c5 16. d5 Qb6 17. b3 Bd6 18. Nc4 Qa6 19. e5 b5 20.
Nxd6 cxd6 21. exf6 1-0

[Event "Live Chess"]
[Site "Chess.com"]
[Date "2023.05.21"]
[Round "-"]
[White "garyjc"]
[Black "Chesscoach_Golichenko"]
[Result "0-1"]
[WhiteElo "1035"]
[BlackElo "2630"]
[TimeControl "300"]
[EndTime "6:21:06 PDT"]
[Termination "Chesscoach_Golichenko won by resignation"]

1. e4 Nf6 2. Nc3 e5 3. Nf3 Nc6 4. Be2 d5 5. exd5 Nxd5 6. d3 Bb4 7.
Bd2 O-O 8. O-O Re8 9. a3 Bxc3 10.
bxc3 h6 11. Rb1 b6 12. d4 e4 13. Ne1 f5 14. c4 Nf6 15. c3 g5 16. Nc2 f4 17. Qc1 Qd6 18. f3 e3 19. Be1 Bf5 20. Nb4 0-1

[Event "Live Chess"]
[Site "Chess.com"]
[Date "2023.05.21"]
[Round "-"]
[White "seabuck"]
[Black "diana21strabt"]
[Result "0-1"]
[WhiteElo "1878"]
[BlackElo "1766"]
[TimeControl "300"]
[EndTime "6:21:08 PDT"]
[Termination "diana21strabt won on time"]

1. d4 Nf6 2. c4 g6 3. Nc3 Bg7 4. e4 d6 5. Be2 Nbd7 6. Nf3 O-O 7. O-O e5 8. dxe5 dxe5 9. Qc2 a5 10. Rd1 Qe7 11. Bg5 c6 12. h3 h6 13. Be3 Nc5 14. a3 a4 15. Bxc5 Qxc5 16. Nxa4 Rxa4 17. Qxa4 Nxe4 18.
Rf1 Be6 19. b4 Qe7 20. Qc2 Bf5 21. Bd3 Nd6 22. Bxf5 Nxf5 23. Rae1 Qc7 24. Qe4 Nd6 25. Qc2 Re8 26. Re2 e4 27. Nd4 Bxd4 28. Rd1 Bg7 29. c5 Nb5 30. Rxe4 Rxe4 31. Qxe4 Qe5 32. Rd8+ Kh7 33.
Qxe5 Bxe5 34. Rd7 Nxa3 35. Rxf7+ Kg8 36. Rxb7 Nc2 37. Rb6 Nd4 38. g3 Bc7 39. Rb7 Ne6 40. b5 cxb5 41. Rxb5 Kf7 42. Rb7 Ke7 43. Kg2 Kd7 44.
Ra7 Nxc5 45. g4 Ne6 46. h4 Kd6 47. Ra6+ Ke5 48. Rc6 Bd6 49. h5 gxh5 50. gxh5 Nf4+ 51. Kf3 Nxh5 52. Kg4 Nf6+ 53. Kh4 Kd5 54. Ra6 Ke5 55. f4+ Kd5 56. f5 Ke5 57. Ra5+ Ke4 58. Ra6 Be5 59. Re6 Kxf5 60. Re7 Bf4 61. Ra7 Bg5+ 62. Kh3 h5 63. Ra5+ Kg6 64. Ra8 Ne4 0-1

[Event "Live Chess"]
[Site "Chess.com"]
[Date "2023.05.21"]
[Round "-"]
[White "Berdgross"]
[Black "Anirudh_23"]
[Result "0-1"]
[WhiteElo "697"]
[BlackElo "1884"]
[TimeControl "300"]
[EndTime "6:21:11 PDT"]
[Termination "Anirudh_23 won by resignation"]

1. d4 Nf6 2. e4 Nxe4 3. Qe2 Nf6 4. Nf3 g6 5. Bg5 Bg7 6. Nc3 O-O 7. Ne4 Nxe4 8. Qxe4 Re8 9. O-O-O d5 10. Qe1 Bf5 11. Ne5 f6 12. Bxf6 exf6 13. Nd3 Rxe1 14. Nxe1 Bh6+ 0-1

[Event "Live Chess"]
[Site "Chess.com"]
[Date "2023.05.21"]
[Round "-"]
[White "MartynColebrook"]
[Black "smoggyrabbit"]
[Result "1-0"]
[WhiteElo "1130"]
[BlackElo "1632"]
[TimeControl "300"]
[EndTime "6:21:16 PDT"]
[Termination "MartynColebrook won by checkmate"]

1. e4 e6 2. Nf3 d5 3. exd5 exd5 4. c4 c6 5. d4 Bb4+ 6. Bd2 Bxd2+ 7. Qxd2 Ne7 8. cxd5 Nxd5 9. Nc3 O-O 10. Bc4 Re8+ 11. Kd1 Nxc3+ 12. bxc3 Be6 13. Bxe6 Rxe6 14. Kc2 Qe8 15.
Rhe1 Nd7 16. Ng5 Rxe1 17. Rxe1 Qd8 18. Qf4 Qf6 19. Qxf6 Nxf6 20. Re7 Rf8 21. Rxb7 h6 22. Nf3 Ng4 23. Rxa7 Nxf2 24. Ne5 Ne4 25. Nxc6 Rc8 26. Ne7+ Kf8 27. Nxc8 g5 28. Ra8 Kg7 29. Ne7 h5 30. Rg8+ Kf6 31. Nd5+ Ke6 32. Nc7+ Kd7 33. Nb5 g4 34. a4 f5 35. a5 f4 36. Rg7+ Kc6 37.
c4 f3 38. gxf3 gxf3 39. Rg6+ Kb7 40. Kd1 f2 41. Ke2 h4 42. Rg4 Nf6 43. Rxh4 Ne8 44. d5 Nd6 45. c5 Nxb5 46. c6+ Ka6 47. Kxf2 Kxa5 48. Rh7 Kb6 49. h4 Kc5 50. c7 Nd6 51. h5 Kxd5 52. h6 Ke6 53. Rh8 Kf6 54. h7 Kg7 55. Rd8 Kxh7 56. Rxd6 Kg7 57. c8=Q Kf7 58.
Qe6+ Kg7 59. Qe7+ Kg8 60. Rd8# 1-0

[Event "Live Chess"]
[Site "Chess.com"]
[Date "2023.05.21"]
[Round "-"]
[White "Brooms1989"]
[Black "JoeRoot66"]
[Result "0-1"]
[WhiteElo "1158"]
[BlackElo "1902"]
[TimeControl "300"]
[EndTime "6:21:17 PDT"]
[Termination "JoeRoot66 won by resignation"]

1. e4 c6 2. d4 d5 3. f3 dxe4 4. fxe4 e5 5. Nf3 Bg4 6. Be3 Nd7 7. c3 Ngf6 8. Bd3 Bd6 9. h3 Bxf3 10. Qxf3 O-O 11. O-O Qc7 12. Bg5 Rae8 13. Bxf6 Nxf6 14. Nd2 exd4 15. cxd4 Qb6 16. Nb3 Nd7 17. Bc4 Ne5 18. Qe2 Nxc4 19. Qxc4 Rxe4 20. Qd3 Rfe8 21. Qf3 f6 22.
Rae1 Rxe1 23. Rxe1 Rxe1+ 0-1

[Event "Live Chess"]
[Site "Chess.com"]
[Date "2023.05.21"]
[Round "-"]
[White "HoarseyHorsey"]
[Black "Alfiedog12"]
[Result "1-0"]
[WhiteElo "1467"]
[BlackElo "916"]
[TimeControl "300"]
[EndTime "6:21:17 PDT"]
[Termination "HoarseyHorsey won by resignation"]

1. d4 d5 2. c4 c6 3. cxd5 cxd5 4. Bf4 Bf5 5. e3 Nf6 6. Nf3 e6 7. Qb3 Qb6 8. Bb5+ Nc6 9. Ne5 Rc8 10. Nc3 a6 11. Bxc6+ Rxc6 12. Nxc6 Qxb3 13. axb3 bxc6 14. Rxa6 Bb4 15. Ra8+ 1-0

[Event "Live Chess"]
[Site "Chess.com"]
[Date "2023.05.21"]
[Round "-"]
[White "EdenHazard8"]
[Black "PantherCal"]
[Result "1-0"]
[WhiteElo "1968"]
[BlackElo "1801"]
[TimeControl "300"]
[EndTime "6:21:35 PDT"]
[Termination "EdenHazard8 won by resignation"]

1. e4 d5 2. exd5 Qxd5 3. Nc3 Qa5 4.
d4 Nf6 5. Nf3 Bf5 6. Bd3 Bxd3 7.
Qxd3 c6 8. Bd2 e6 9. O-O Nbd7 10. Rfe1 Qc7 11. Ne4 Be7 12. c4 O-O-O 13. d5 exd5 14. Neg5 dxc4 15. Qxc4 Nb6 16. Qxf7 Nbd5 17. Ne6 Qd6 18.
Nxd8 Rxd8 19. Re6 Qd7 20. Rae1 Re8 21. Ne5 Qd8 22. Bg5 Rf8 23. Rxe7 Rxf7 24. Rxf7 Qa5 25. Rf1 Qxa2 26. Rxg7 Qxb2 27. Nf7 Ne4 28. Bh6 Qf6 29. Rxh7 Nf4 30. Bxf4 Qxf4 31. Nh6 Ng5 32. Rg7 Nf3+ 33.
gxf3 Qxh6 34. Rg8+ Kc7 35. Rg3 Qh4 36. Re1 b5 37. Re4 Kb6 38. Rxh4 a5 39. Re4 a4 40.
f4 Ka5 41. f5 b4 42. f6 a3 43.
f7 a2 44. Re1 b3 45. Rxb3 1-0

[Event "Live Chess"]
[Site "Chess.com"]
[Date "2023.05.21"]
[Round "-"]
[White "JanMur7"]
[Black "GMHarry-youtube"]
[Result "0-1"]
[WhiteElo "1962"]
[BlackElo "2032"]
[TimeControl "300"]
[EndTime "6:21:36 PDT"]
[Termination "GMHarry-youtube won by checkmate"]

1. e4 c5 2. Nf3 d6 3. c3 Nf6 4. Be2 g6 5. O-O Bg7 6. d3 O-O 7. Nbd2 Nc6 8. Re1 e5 9. Nf1 Nd7 10. Ne3 f5 11. Nd5 f4 12. Bf1 Ne7 13. Nxe7+ Qxe7 14. d4 g5 15. dxe5 Nxe5 16. Nxe5 Bxe5 17. Be2 Qg7 18. Bg4 Qg6 19. Bxc8 Raxc8 20. Qd5+ Kh8 21. f3 h5 22. Bd2 g4 23. Rf1 h4 24.
Kh1 h3 25. gxh3 gxh3 26. Rg1 Qh7 27. Rg4 Rg8 28. Rag1 Rxg4 29. Rxg4 Rg8 30. Rxg8+ Qxg8 31. Qxg8+ Kxg8 32. b3 b5 33. c4 a6 34. Kg1 Bd4+ 35.
Kf1 Be5 36. Ke2 Kf7 37. Kd3 Kf6 38. Ke2 Kg5 39. Be1 Bd4 40. Bf2 Bxf2 41. Kxf2 Kf6 42. Ke2 Ke5 43. Kd3 b4 44. Ke2 Kd4 45. Kd2 a5 46.
Ke2 Kc3 47. Kf2 Kb2 48. Ke2 Kxa2 49. Kd3 Kxb3 50. e5 dxe5 51. Ke4 Kxc4 52. Kxe5 b3 53. Kxf4 b2 54. Kg3 b1=Q 55. Kxh3 a4 56. Kg4 a3 57.
h4 a2 58. Kg5 a1=Q 59. h5 Qg7+ 60. Kh4 Qh1# 0-1

[Event "Live Chess"]
[Site "Chess.com"]
[Date "2023.05.21"]
[Round "-"]
[White "onemoretime1975"]
[Black "zdanevych"]
[Result "1-0"]
[WhiteElo "1866"]
[BlackElo "1516"]
[TimeControl "300"]
[EndTime "6:21:37 PDT"]
[Termination "onemoretime1975 won by resignation"]

1. e4 c5 2. Nf3 e6 3. g3 d5 4.
exd5 exd5 5. d4 Nc6 6. c3 Nf6 7.
Bg2 h6 8. O-O Bg4 9. dxc5 Bxc5 10. h3 Bh5 11. Nbd2 O-O 12. Nb3 Bb6 13. Nbd4 Nxd4 14. cxd4 Ne4 15. Be3 Ng5 16. g4 Nxf3+ 17. Qxf3 Bg6 18. Qxd5 Qxd5 19. Bxd5 Rad8 20. Bxb7 Bxd4 21.
Bxd4 Rxd4 22. Rad1 Rfd8 23. Rxd4 Rxd4 24. b3 Rd2 25. a4 Rb2 26. Bd5 Bc2 27. Re1 Bxb3 28. Re8+ Kh7 29. Bxb3 Rxb3 30. Re7 Rb1+ 31. Kg2 f5 32.
Rxa7 fxg4 33. hxg4 Rb4 34. Kg3 Kg6 35. Ra6+ Kf7 36. a5 Rb5 37. f3 h5 38. Ra7+ Kg6 39.
gxh5+ Rxh5 40. a6 Ra5 41. Ra8 Kg5 42. a7 g6 43. f4+ Kf5 44. Rf8+ 1-0

[Event "Live Chess"]
[Site "Chess.com"]
[Date "2023.05.21"]
[Round "-"]
[White "Doge_Dandolo"]
[Black "LordBenin"]
[Result "1-0"]
[WhiteElo "1898"]
[BlackElo "1375"]
[TimeControl "300"]
[EndTime "6:21:41 PDT"]
[Termination "Doge_Dandolo won on time"]

1. Nf3 d5 2. d4 Nf6 3. c4 dxc4 4. Bg5 e6 5. e3 Be7 6. Bxc4 h6 7. Bxf6 Bxf6 8. Nc3 a6 9. Bb3 O-O 10. O-O b5 11. Qd3 Bb7 12. Bc2 g6 13. Nd2 Bg7 14. Rad1 Nd7 15. h4 e5 16. h5 exd4 17. hxg6 f5 18.
exd4 Qf6 19. Nf3 Qxg6 20. Nh4 Qg5 21. Nf3 Bxf3 22. Qxf3 Nb6 23. Bb3+ Kh8 24. d5 Rad8 25. Rfe1 f4 26. Ne4 Qf5 27. Nc5 Rde8 28. Ne6 Rf6 29. Nxc7 Rxe1+ 30. Rxe1 Rd6 31. Ne8 Rg6 32. d6 Bxb2 33.
Rd1 Nc4 34. d7 1-0

[Event "Live Chess"]
[Site "Chess.com"]
[Date "2023.05.21"]
[Round "-"]
[White "ProfPoisson"]
[Black "OleksiyJr1"]
[Result "1-0"]
[WhiteElo "1219"]
[BlackElo "1004"]
[TimeControl "300"]
[EndTime "6:21:45 PDT"]
[Termination "ProfPoisson won by resignation"]

1. e4 c5 2. Nf3 Nc6 3. Bb5 a6 4.
Bxc6 bxc6 5. e5 d6 6. exd6 exd6 7. O-O Nf6 8. Re1+ Be7 9. d4 cxd4 10. Nxd4 O-O 11. Nxc6 1-0

[Event "Live Chess"]
[Site "Chess.com"]
[Date "2023.05.21"]
[Round "-"]
[White "Hacker_2009"]
[Black "LodeshChess"]
[Result "1-0"]
[WhiteElo "1934"]
[BlackElo "1168"]
[TimeControl "300"]
[EndTime "6:21:53 PDT"]
[Termination "Hacker_2009 won by resignation"]

1. d4 Nf6 2. Nf3 c5 3. e3 Qb6 4.
c4 Nc6 5. d5 Nb4 6. a3 Na6 7. Nc3 d6 8. Bd3 Bg4 9. O-O e5 10. dxe6 Bxe6 11. Be2 Be7 12. Ng5 Bd7 13. Bf3 O-O 14. Nge4 Nxe4 15. Bxe4 Bf6 16. Nd5 Qd8 17. Nxf6+ Qxf6 18. Bxb7 Qg6 19. Bxa6 Bh3 20. Qf3 Bg4 21. Qg3 Rab8 22. h3 Bf5 23. Qxg6 Bxg6 24. b4 cxb4 25. axb4 Rxb4 26. Ba3 Rxc4 27. Bxc4 1-0

[Event "Live Chess"]
[Site "Chess.com"]
[Date "2023.05.21"]
[Round "-"]
[White "MovebyMove"]
[Black "Nazar_777"]
[Result "1-0"]
[WhiteElo "2441"]
[BlackElo "1569"]
[TimeControl "300"]
[EndTime "6:22:04 PDT"]
[Termination "MovebyMove won by checkmate"]

1. Nf3 e6 2. d4 a6 3. e4 h5 4.
Bd3 c5 5. dxc5 Bxc5 6. O-O Be7 7. Nc3 Nf6 8. e5 Ng4 9. Qe2 Qc7 10. h3 Nh6 11. Ne4 Nc6 12. Bf4 b5 13. Nd6+ Bxd6 14. exd6 Qb6 15. a4 Bb7 16. axb5 axb5 17. Rxa8+ Bxa8 18. Bxb5 Qb7 19. c3 Nf5 20. Bd3 g6 21. b4 Rg8 22. Be4 Ng7 23. b5 f5 24. bxc6 dxc6 25. Bd3 h4 26. Rb1 Qa7 27. Ng5 Nh5 28. Qxe6+ Kd8 29.
Qxg8+ Kd7 30. Qe6+ Kd8 31. Nf7+ Qxf7 32. Rb8# 1-0

[Event "Live Chess"]
[Site "Chess.com"]
[Date "2023.05.21"]
[Round "-"]
[White "ms_lilley"]
[Black "seasidecastle27"]
[Result "0-1"]
[WhiteElo "605"]
[BlackElo "1882"]
[TimeControl "300"]
[EndTime "6:22:05 PDT"]
[Termination "seasidecastle27 won by checkmate"]

1. d4 d5 2. e3 e6 3. Nf3 c5 4. dxc5 Bxc5 5. Bd2 Nc6 6. a3 Nf6 7. b4 Bd6 8. c4 O-O 9. c5 Bc7 10. Bc3 e5 11. Nxe5 Nxe5 12. Bb5 a6 13. Bd3 Nfg4 14. O-O Nxh2 15. Kxh2 Qh4+ 16. Kg1 Nf3+ 17.
gxf3 Qh2# 0-1

[Event "Live Chess"]
[Site "Chess.com"]
[Date "2023.05.21"]
[Round "-"]
[White "Chesscoach_Golichenko"]
[Black "Berdgross"]
[Result "1-0"]
[WhiteElo "2630"]
[BlackElo "697"]
[TimeControl "300"]
[EndTime "6:22:14 PDT"]
[Termination "Chesscoach_Golichenko won by checkmate"]

1. d4 d5 2. c4 e6 3. Nc3 dxc4 4. e4 Bb4 5. Bxc4 Bxc3+ 6. bxc3 Nf6 7.
Bg5 O-O 8. e5 h6 9. Bh4 g5 10.
exf6 gxh4 11. Qg4+ Kh7 12. Qg7# 1-0

[Event "Live Chess"]
[Site "Chess.com"]
[Date "2023.05.21"]
[Round "-"]
[White "LL220284LL"]
[Black "chessfiction"]
[Result "0-1"]
[WhiteElo "2270"]
[BlackElo "2323"]
[TimeControl "300"]
[EndTime "6:22:17 PDT"]
[Termination "chessfiction won by resignation"]

1. e4 d6 2. d4 Nf6 3. Nc3 c6 4.
f4 Qa5 5. e5 Ne4 6. Qf3 d5 7.
Bd3 g6 8. Ne2 Na6 9. O-O Nb4 10.
Be3 h5 11. a3 Nxd3 12. cxd3 Bg4 13. dxe4 Bxf3 14. Rxf3 dxe4 15. Nxe4 Bh6 16. Bf2 O-O 17.
f5 Qb5 18. N2c3 Qxb2 19. Rf1 Rad8 20. Bh4 Rxd4 21. Bxe7 Rxe4 22. Nxe4 Qd4+ 23. Nf2 Re8 24. Bf6 Bg7 25. fxg6 fxg6 26. Kh1 Rf8 27. Nh3 c5 28.
Ng5 Qg4 29. h3 Qc4 30. Rf4 Qa6 31. e6 Bxf6 32. Rxf6 Qxf1+ 0-1

[Event "Live Chess"]
[Site "Chess.com"]
[Date "2023.05.21"]
[Round "-"]
[White "ViktorTheCoolBoy"]
[Black "bedsdrout"]
[Result "0-1"]
[WhiteElo "2446"]
[BlackElo "1117"]
[TimeControl "300"]
[EndTime "6:22:23 PDT"]
[Termination "bedsdrout won on time"]

1. e4 d5 2. exd5 e6 3. dxe6 Bxe6 4. Nf3 h6 5. d4 Nf6 6. c4 Qe7 7. Be3 Qb4+ 8. Qd2 Bxc4 9. Bxc4 Qxc4 10. Ne5 Qa6 11. Nc3 Bd6 12. Nd3 Nc6 13. O-O O-O 14. Nc5 Bxc5 15. dxc5 Rad8 16. Qc2 Nb4 17. Qb3 Nd3 18.
Rad1 c6 19. Rd2 Nxc5 20. Bxc5 Rxd2 21. Bxf8 Kxf8 22. Re1 Qb6 23. Qxb6 axb6 24. Rb1 Ng4 25. Ne4 Re2 26. h3 Rxe4 27. f3 Ra4 28. hxg4 Rxa2 29.
Kf2 b5 30. Ke3 c5 31. Ke4 b6 32. Kd5 c4 33. Kc6 b4 34. Kxb6 c3 35. bxc3 bxc3 36.
Rc1 Rxg2 37. Rxc3 g6 38. Kc5 Rd2 39. f4 Rg2 40. Rh3 Kg7 41. Rh4 g5 42. fxg5 hxg5 43. Rh1 Rxg4 44. Kd5 f5 45. Ke5 Kg6 46. Rh8 Re4+ 47.
Kd5 g4 48. Rg8+ Kh5 49. Rg7 Re2 50. Rg8 f4 0-1

[Event "Live Chess"]
[Site "Chess.com"]
[Date "2023.05.21"]
[Round "-"]
[White "mattihelenius2"]
[Black "Delacorta"]
[Result "0-1"]
[WhiteElo "491"]
[BlackElo "1398"]
[TimeControl "300"]
[EndTime "6:22:30 PDT"]
[Termination "Delacorta won by resignation"]

1. d4 e6 2. c4 f5 3. Nc3 Nf6 4. Nf3 c6 5. e4 fxe4 6. Qe2 exf3 7. Qxf3 Be7 8. Bd3 O-O 9. Bg5 Qa5 10. Qh3 Qxg5 11. Qxh7+ Nxh7 0-1

[Event "Live Chess"]
[Site "Chess.com"]
[Date "2023.05.21"]
[Round "-"]
[White "Geomorph"]
[Black "manthanit"]
[Result "1-0"]
[WhiteElo "1286"]
[BlackElo "1081"]
[TimeControl "300"]
[EndTime "6:22:40 PDT"]
[Termination "Geomorph won by checkmate"]

1. e4 e6 2. Nf3 d6 3. Nc3 g6 4. d4 Bg7 5. Be3 Ne7 6. Bd3 c5 7. dxc5 dxc5 8. Bxc5 Qa5 9. Bxe7 Kxe7 10. O-O Re8 11. Qd2 Kf8 12. a3 Qb6 13. b4 Qc7 14. Ne2 Bxa1 15. Rxa1 Qe7 16. Qc3 b6 17. Qh8# 1-0

[Event "Live Chess"]
[Site "Chess.com"]
[Date "2023.05.21"]
[Round "-"]
[White "GMHarry-youtube"]
[Black "PantherCal"]
[Result "1-0"]
[WhiteElo "2035"]
[BlackElo "1797"]
[TimeControl "300"]
[EndTime "6:22:45 PDT"]
[Termination "GMHarry-youtube won by resignation"]

1. e4 d5 2. exd5 Qxd5 3. Nc3 Qa5 4. d4 c6 5. Nf3 Nf6 6. Bc4 Bf5 7. Ne5 Nbd7 8.
Nxf7 Nd5 9. Nxh8 Nxc3 10. Bf7+ Kd8 11. bxc3 Qxc3+ 12. Bd2 Qxd4 1-0

[Event "Live Chess"]
[Site "Chess.com"]
[Date "2023.05.21"]
[Round "-"]
[White "YrrriKharkiv"]
[Black "ShanthamGrarks"]
[Result "0-1"]
[WhiteElo "2075"]
[BlackElo "1986"]
[TimeControl "300"]
[EndTime "6:22:49 PDT"]
[Termination "ShanthamGrarks won by resignation"]

1. d4 Nf6 2. Nf3 e6 3. c4 c5 4. d5 exd5 5. cxd5 d6 6. Nc3 Bg4 7. Nd2 Be7 8. h3 Bh5 9. Qb3 Qc8 10.
e4 Nbd7 11. f4 h6 12. f5 Ne5 13. g4 Nfxg4 14. hxg4 Bxg4 15. Bb5+ Kf8 16. Be2 Bxe2 17. Kxe2 g6 18. Qc2 gxf5 19. exf5 Rg8 20. Kf1 Ng4 21. Nf3 Bg5 22. Nxg5 hxg5 23. Qe4 Ne5 24. Be3 b6 25. a4 Qd7 26. Ke2 Re8 27. Rag1 g4 28. f6 Rc8 29. Bh6+ Ke8 30. Bf4 Kd8 31. Kd2 Re8 32. Bxe5 Rxe5 33. Qxg4 Rf5 34. Nb5 Rxd5+ 35. Kc1 Qxg4 36. Rxg4 Kd7 37. Re4 Re8 38. Rxe8 Kxe8 39. Re1+ Kf8 40. Rf1 a6 41. Nc7 Rd4 42. Nxa6 Rxa4 43.
Nc7 Ra1+ 44. Kd2 Rxf1 45. Nd5 Rf5 46. Ne3 Rxf6 0-1